 Dungeon Crawl Stone Soup version 0.25-a0-701-gb30f108f01 (webtiles) character file.

Game seed: 18054022223714591055, levelgen mode: deterministic

35 Amnesiac the Magician (level 3, -1/19 HPs)
             Began as a Deep Elf Wizard on Apr 4, 2020.
             Slain by an adder (2 damage)
             ... on level 4 of the Dungeon.
             The game lasted 00:01:25 (409 turns).

Amnesiac the Magician (Deep Elf Wizard)              Turns: 409, Time: 00:01:25

Health: -1/19      AC:  2    Str:  4    XL:     3   Next: 17%
Magic:  0/12       EV: 13    Int: 23    God:
Gold:   34         SH:  0    Dex: 13    Spells: 9/14 levels left

rFire    x . .     SeeInvis .   (no weapon)
rCold    + . .     Gourm    .   (no shield)
rNeg     . . .     Faith    .   a - +0 robe
rPois    .         Spirit   .   b - +0 hat
rElec    .         Reflect  .   (no cloak)
rCorr    .         Harm     .   (no gloves)
MR       .....                  (no boots)
Stlth    ++........             (no amulet)
HPRegen  0.06/turn              c - ring of ice
MPRegen  0.13/turn              (no ring)

@: lethally poisoned (-1 -> -7)
A: no striking features
a: no special abilities


You were on level 4 of the Dungeon.
You were not hungry.

You visited 1 branch of the dungeon, and saw 4 of its levels.

You collected 34 gold pieces.

Inventory:

Missiles
 g - 30 stones (quivered)
 h - 12 sling bullets
Armour
 a - a +0 robe (worn)
 b - a +0 hat (worn)
Jewellery
 c - a ring of ice (left hand)
 i - an uncursed ring of poison resistance {unknown}
Scrolls
 e - a scroll of identify {!r, unknown}
Comestibles
 d - a ration
 f - a chunk of flesh


   Skills:
 - Level 2.4 Dodging
 - Level 2.4 Stealth
 + Level 6.1 Spellcasting
 - Level 1.1 Conjurations
 - Level 1.1 Summonings
 - Level 1.1 Translocations


You had 9 spell levels left.
You knew the following spells:

 Your Spells              Type           Power        Failure   Level  Hunger
a - Magic Dart            Conj           ##..         5%          1    None
b - Call Imp              Summ           ##......     9%          2    None
v - Blink                 Tloc           N/A          9%          2    None

Your spell library contained the following spells:

 Spells                   Type           Power        Failure   Level  Hunger
 Slow                     Hex            #.......     13%         2    None
 Conjure Flame            Conj/Fire      #.......     21%         3    #......
 Mephitic Cloud           Conj/Pois/Air  #.......     22%         3    #......


Dungeon Overview and Level Annotations

Branches:
Dungeon (4/15)
 Temple: D:4-7

Altars:


Message History

Aim: a hound (moderately wounded)
The magic dart hits the hound.
The hound is heavily wounded.
The hound closely misses you. The hound bites your iron imp.
Unknown command.
Casting: Magic Dart (safe; 6% risk of failure)
Confirm with . or Enter, or press ? or * to list all spells.
Aiming: Magic Dart (safe; 6% risk of failure)
Press: ? - help, Shift-Dir - straight line, f/p - hound
Aim: a hound (severely wounded)
The magic dart hits the hound.
The hound is almost dead.
Your crimson imp disappears in a puff of smoke!
The adder barely misses you. The hound closely misses you.
The hound dies!
Your Spellcasting skill increases to level 6!
You have reached level 3!
Your experience leads to an increase in your attributes!
Increase (S)trength, (I)ntelligence, or (D)exterity?
You feel clever. The adder closely misses you.
The adder closely misses your iron imp.
Casting: Magic Dart (safe; 5% risk of failure)
Confirm with . or Enter, or press ? or * to list all spells.
Aiming: Magic Dart (safe; 5% risk of failure)
Press: ? - help, Shift-Dir - straight line, f - adder
Aim: an adder The magic dart hits the adder.
The adder is moderately wounded.
Your iron imp disappears in a puff of smoke!
The frilled lizard closely misses you. The frilled lizard barely misses you.
The adder barely misses you. The adder bites you.
* * * LOW HITPOINT WARNING * * *
Casting: Magic Dart (safe; 5% risk of failure)
Confirm with . or Enter, or press ? or * to list all spells.
A shadowy apparition takes form in the air.
The frilled lizard barely misses you.
The frilled lizard bites you but does no damage.
The adder closely misses you.
You barely miss the adder.
The adder is moderately wounded.
The frilled lizard bites you.
* * * LOW HITPOINT WARNING * * *
The adder barely misses you.
Unknown command.
You hit the adder but do no damage.
The adder is moderately wounded.
The adder barely misses you. The frilled lizard closely misses you.
You closely miss the adder.
The adder is severely wounded.
The adder bites you.
* * * LOW HITPOINT WARNING * * *
You are lethally poisoned!
The adder poisons you! The frilled lizard closely misses you.
The adder bites you.
* * * LOW HITPOINT WARNING * * *
You aren't carrying any potions.
Okay, then.
You hit the adder.
The adder is almost dead.
* * * LOW HITPOINT WARNING * * *
You feel sick. The frilled lizard closely misses you. The adder bites you.
You die...

## ..# #.# #.# #.#
##### #.# #.@.#
#.#####.####l#S#.#
##.......<......5##
..................#
##.#####.#####...#$#
#... ....... #####
......## ......#
...##..


You could see an adder, a frilled lizard and a friendly shadow imp.

Vanquished Creatures
  A dart slug (D:2)
  2 bats (D:2)
  A giant cockroach (D:2)
  A hobgoblin (D:2)
  A quokka (D:4)
  A frilled lizard (D:2)
  2 kobolds (D:2)
9 creatures vanquished.

Vanquished Creatures (collateral kills)
  A hound (D:4)
  A quokka (D:4)
2 creatures vanquished.

Grand Total: 11 creatures vanquished

Notes
Turn   | Place    | Note
-------+----------+-------------------------------------------
     0 | D:1      | Amnesiac the Deep Elf Wizard began the quest for the Orb.
     0 | D:1      | Reached XP level 1. HP: 10/10 MP: 7/7
   228 | D:2      | Reached skill level 5 in Spellcasting
   290 | D:2      | Reached XP level 2. HP: 10/15 MP: 2/10
   294 | D:2      | Learned a level 2 spell: Blink
   297 | D:2      | Learned a level 2 spell: Call Imp
   398 | D:4      | Reached skill level 6 in Spellcasting
   398 | D:4      | Reached XP level 3. HP: 10/19 MP: 2/12
   409 | D:4      | Slain by an adder

Levels and vault maps discovered:
D:1:      ebering_hopf_link, layout_basic, minmay_hexomino_u4
D:2:      layout_loops_ring, fedhas_altar_2
D:3:      layout_rooms, first_ration, minivault_25, st_stairs_3
D:4:      minmay_spotlight, layout_loops_ring, lemuel_doored_altar

Skill      XL: |  1  2 |
---------------+-------+-----
Spellcasting   | 5 6 |  6.1
Dodging        | |  2.4
Stealth        | |  2.4
Conjurations   | |  1.1
Summonings     | |  1.1
Translocations | |  1.1

Action                   || total
-------------------------++-------
Melee: Unarmed           ||     4
 Cast: Magic Dart        ||    30
       Call Imp          ||     3
Armor: Robe              ||     1
Dodge: Dodged            ||    17

Table legend:
 A = Non-vault XP
 B = Vault XP
 C = Vault XP percentage of total XP
 D = Non-vault monster count
 E = Vault monster count
 F = Vault count percentage of total count
                 A         B        C        D         E       F
            +---------+---------+-------+---------+---------+-------
      Total |      51 |       0 |   0.0 |      11 |       0 |   0.0
            +---------+---------+-------+---------+---------+-------
        D:2 |      15 |       0 |   0.0 |       8 |       0 |   0.0
        D:4 |      36 |       0 |   0.0 |       3 |       0 |   0.0
            +---------+---------+-------+---------+---------+-------
